 Dungeon Crawl Stone Soup version 0.16-a0-2611-g6d04fdd (webtiles) character file.

36344 colonelcorduroys the Stickfighter (level 13, -17/82 (88) HPs)
             Began as a Tengu Gladiator on Nov 22, 2014.
             Was a High Priest of Trog.
             Killed from afar by a lindwurm (44 damage)
             ... with a blast of flame
             ... on level 5 of the Lair of Beasts.
             The game lasted 00:51:33 (16821 turns).

colonelcorduroys the Stickfighter (TeGl)           Turns: 16821, Time: 00:52:03

HP:   -17/82 (88)   AC: 22    Str: 20    XL:     13   Next: 89%
MP:   17/17         EV: 24    Int:  8    God:    Trog [*****.]
Gold: 820           SH:  0    Dex: 20    Spells: 0 memorised, 12 levels left

rFire  . . .     SeeInvis +     a - +1 lajatang (protect)
rCold  + . .     Clarity  .     G - +4 ring mail of the Harvest {Str+4}
rNeg   . . .     SustAb   .     (no shield)
rPois  .         Gourm    .     c - +0 hat
rElec  .         Spirit   .     l - +2 cloak {+Inv}
rCorr  .         Warding  .     j - +2 pair of gloves
rMut   .         Stasis   .     (boots unavailable)
MR     ++...                    m - amulet of faith
Stlth  +.........               A - ring of see invisible (curse)
                                S - ring of protection from cold

@: flying quickly and evasively, regenerating, quick, very resistant to hostile
enchantments, very unstealthy
A: able to fly, beak, talons 3
a: Burn Spellbooks, Berserk, Trog's Hand, Brothers in Arms, Renounce Religion,
Evoke Invisibility


You were on level 5 of the Lair of Beasts.
You worshipped Trog.
Trog was extremely pleased with you.
You were not hungry.

You visited 2 branches of the dungeon, and saw 15 of its levels.
You also visited: Sewer and Ice Cave.

You collected 1139 gold pieces.
You spent 319 gold pieces at shops.

Inventory:

Hand weapons
 a - a +1 lajatang of protection (weapon)
 b - a +0 blowgun
 W - a +2 antimagic quarterstaff
Missiles
 n - 20 poisoned needles
 s - 13 javelins of penetration (quivered)
 P - 3 curare-tipped needles
 V - a throwing net
 Y - 2 steel javelins
Armour
 c - a +0 hat (worn)
 j - a +2 pair of gloves (worn)
 l - a +2 cloak of invisibility (worn)
 G - the +4 ring mail of the Harvest (worn) {Str+4}
   (You found it in an ice cave)

   It affects your strength (+4).
Jewellery
 m - an amulet of faith (around neck)
 t - an uncursed ring of sustain abilities
 x - an uncursed ring of teleportation
 A - a cursed ring of see invisible (right hand)
 S - a ring of protection from cold (left hand)
 X - a +1 ring of evasion
Magical devices
 v - a wand of draining (0)
 D - a wand of random effects (22)
 F - a wand of slowing (18)
 J - a wand of disintegration (10)
 L - a wand of flame (29)
 M - a wand of magic darts (14)
Scrolls
 e - 2 scrolls of fear
 h - 7 scrolls of teleportation
 k - 6 scrolls of remove curse
 p - 4 scrolls of enchant armour
 y - 2 scrolls of enchant weapon
 C - 7 scrolls of identify
 N - a scroll of magic mapping
Potions
 d - a potion of magic
 i - 4 potions of resistance
 o - a potion of haste
 q - a potion of might
 r - a potion of brilliance
 u - 5 potions of restore abilities
 w - a potion of berserk rage
 z - a potion of flight
 I - a potion of degeneration
 K - 2 potions of curing
 R - a potion of cancellation
 U - 2 potions of invisibility
Books
 Z - a book of Battle

   Spells                             Type                      Level
   Infusion                           Charms                       1
   Shroud of Golubria                 Charms/Translocation         2
   Song of Slaying                    Charms                       2
   Spectral Weapon                    Hexes/Charms                 3
   Regeneration                       Charms/Necromancy            3
   Trog disapproves of the use of such an item.
Comestibles
 f - 12 bread rations
 g - 6 meat rations
 B - 14 royal jellies
 O - 3 fruits


   Skills:
 - Level 13.0 Fighting
 + Level 15.9 Staves
 - Level 2.1 Throwing
 - Level 7.2 Armour
 - Level 12.0 Dodging


You had 12 spell levels left.
You didn't know any spells.

Dungeon Overview and Level Annotations

Branches:
Dungeon (10/15)            Temple (0/1) D:4            Lair (5/8) D:9
 Shoals (0/5) Lair:3          Orc (0/4) D:9
  Snake: Lair:3-6    Spider: Lair:3-6

Altars:
Gozag
Trog
The Shining One

Shops:
D:10 !

Annotations:
D:8 exclusion: downstairs
Lair:1 exclusion: 2 hydras


Innate Abilities, Weirdness & Mutations

You can fly.
You have a beak for a mouth.
You have claws for feet.


Message History

You are too injured to fight recklessly!
You are too injured to fight recklessly!
Drink which item? (? for menu, Esc to quit)
You feel much better. The lindwurm bites you!
The lindwurm claws you but does no damage. x2
Use which ability? (? or * to list)
Your skin crawls.
You feel resistant to hostile enchantments.
You feel slightly more hungry. The lindwurm bites you.
The lindwurm claws you but does no damage. x2
You barely miss the lindwurm. Your kick misses the lindwurm.
Your peck misses the lindwurm.
The lindwurm is almost dead.
You hit the lindwurm but do no damage.
You peck the lindwurm, but do no damage.
The lindwurm is almost dead.
The lindwurm breathes flames at you. The blast of flame hits you!
Ouch! That really hurt!
You die...

P.#+. #.. #.PP ####.#.#######..PP
##.P. ##P.......#....#P.+P ##...#
#.....PP..##P......... ###P.##.
##....P.....#.............#......
.....<...................#.......
#.<..........#...........P.......
..............#..................
#...........###.@................
#..........## #..k...............
#..........## #....$......#......
#.....P.....# #..#....## #......
#.......#...# ####P..#.# ##......
###......### .)..# ##.#....#
#........# .## ##........
#.......## .## #.........
#P.......# .P..##.#......


You could see a lindwurm.

Vanquished Creatures
  Fannar (Lair:2)
  2 hydras
  Nergalle (Lair:2)
  A catoblepas (Lair:3)
  3 ice devils (IceCv)
  3 ice statues (IceCv)
  A necromancer (IceCv)
  A hill giant (D:9)
  A siren (Lair:3)
  6 elephants (Lair:5)
  A centaur zombie (D:9)
  12 spiny frogs
  A fire drake (Lair:3)
  8 komodo dragons
  A merfolk (Lair:3)
  A queen bee (Lair:4)
  A polar bear (Lair:5)
  8 blue devils (IceCv)
  6 blink frogs (Lair:4)
  3 slime creatures (D:10)
  2 basilisks (Lair:3)
  A fire elemental (Lair:2)
  25 yaks
  7 wolves
  A steam dragon (D:8)
  A hungry ghost (D:9)
  4 hippogriffs
  7 water moccasins
  2 orc warriors (D:10)
  6 porcupines
  13 ice beasts
  4 phantoms (D:9)
  A soldier ant (D:10)
  4 necrophages
  2 sky beasts
  4 ogres
  2 black bears
  6 centaurs
  6 big kobolds
  10 crocodiles
  10 giant frogs
  A water moccasin skeleton (D:6)
  3 scorpions
  25 killer bees
  A troll zombie (D:9)
  6 wights
  A lava snake (Lair:2)
  An electric eel (Lair:2)
  2 crimson imps
  8 hounds
  6 goliath beetles
  2 jellies
  A draconian simulacrum (IceCv)
  3 orc priests (D:9)
  A giant frog zombie (D:6)
  2 quasits
  10 iguanas
  A spriggan simulacrum (IceCv)
  7 worker ants
  16 orc wizards
  Natasha (twice) (D:3)
  2 troll simulacra (IceCv)
  5 ogre zombies (D:9)
  Ijyb (D:3)
  2 centaur simulacra (IceCv)
  2 worker ant zombies
  A mummy (D:6)
  Robin (D:3)
  3 gnolls (D:7)
  17 adders
  38 river rats
  4 ogre simulacra (IceCv)
  A shadow imp (D:8)
  2 worms (D:3)
  A giant mite (D:3)
  2 adder skeletons (D:8)
  A giant gecko (D:10)
  2 oozes
  48 orcs
  2 bat zombies (D:8)
  20 goblins
  21 hobgoblins
  26 kobolds
  7 quokkas
  A ball python (D:4)
  20 bats
  6 giant cockroaches
  3 giant newts
  A goblin skeleton (D:9)
  A goblin zombie (D:9)
  A hobgoblin zombie (D:9)
  5 jackals
  4 orc skeletons (D:9)
  11 orc zombies (D:9)
  2 quokka zombies
  26 rats
  A rat zombie (Sewer)
  4 river rat skeletons (Sewer)
  4 spectral orcs (Lair:2)
  2 ballistomycetes
580 creatures vanquished.

Vanquished Creatures (collateral kills)
  A hydra (Lair:4)
  4 killer bees (Lair:4)
  A hound (Lair:4)
  An adder (Lair:4)
7 creatures vanquished.

Vanquished Creatures (others)
  An ogre (Lair:4)
  2 giant spores
  A goblin (D:3)
  An orc zombie (D:9)
  4 fungi (D:9)
  A plant (D:9)
10 creatures vanquished.

Grand Total: 597 creatures vanquished

Notes
Turn   | Place    | Note
--------------------------------------------------------------
     0 | D:1      | colonelcorduroys, the Tengu Gladiator, began the quest for the Orb.
     0 | D:1      | Reached XP level 1. HP: 12/12 MP: 1/1
    78 | D:1      | Reached XP level 2. HP: 17/17 MP: 3/3
    92 | D:1      | Reached skill level 4 in Staves
   636 | D:2      | Reached XP level 3. HP: 14/21 MP: 4/4
  1100 | D:2      | Found a glowing golden altar of the Shining One.
  1422 | D:3      | Reached skill level 5 in Staves
  1496 | D:3      | Noticed Ijyb
  1500 | D:3      | Noticed Robin
  1551 | D:3      | Killed Ijyb
  1551 | D:3      | Reached XP level 4. HP: 20/26 MP: 5/5
  1561 | D:3      | Killed Robin
  1678 | D:3      | Found a glowing drain.
  1777 | Sewer    | Entered a sewer
  1927 | Sewer    | Reached skill level 6 in Staves
  1966 | Sewer    | Noticed a big kobold necromancer
  1984 | Sewer    | Killed a big kobold necromancer
  1984 | Sewer    | Reached XP level 5. HP: 30/30 MP: 7/7
  2032 | Sewer    | Noticed a big kobold necromancer
  2043 | Sewer    | Killed a big kobold necromancer
  2043 | Sewer    | Reached skill level 7 in Staves
  2043 | Sewer    | Reached XP level 6. HP: 35/35 MP: 8/8
  2082 | Sewer    | Noticed a big kobold necromancer
  2117 | Sewer    | Killed a big kobold necromancer
  2521 | D:3      | Reached skill level 8 in Staves
  2777 | D:3      | Noticed Natasha
  2797 | D:3      | Killed Natasha
  2988 | D:3      | Noticed Natasha
  3001 | D:3      | Killed Natasha
  3201 | D:4      | Found a bloodstained altar of Trog.
  3206 | D:4      | Became a worshipper of Trog the Wrathful
  3260 | D:4      | Reached XP level 7. HP: 35/40 MP: 9/9
  3339 | D:4      | Found a staircase to the Ecumenical Temple.
  3462 | D:4      | HP: 1/40 [orc/hand axe (10)]
  4004 | D:5      | Entered Level 5 of the Dungeon
  4024 | D:5      | Reached skill level 5 in Dodging
  4293 | D:5      | Acquired Trog's first power
  4783 | D:5      | Acquired Trog's second power
  4908 | D:5      | Found an opulent altar of Gozag.
  5130 | D:5      | Reached XP level 8. HP: 9/44 MP: 7/11
  6124 | D:6      | Reached skill level 9 in Staves
  6367 | D:6      | Reached skill level 10 in Staves
  6818 | D:7      | Reached XP level 9. HP: 46/48 MP: 12/12
  7007 | D:7      | Reached skill level 11 in Staves
  7010 | D:7      | Acquired Trog's third power
  7536 | D:8      | Reached skill level 12 in Staves
  8211 | D:8      | Reached skill level 5 in Fighting
  8346 | D:8      | Reached XP level 10. HP: 53/53 MP: 13/13
  8805 | D:8      | Received a gift from Trog
  9508 | D:9      | Found a staircase to the Lair.
 10018 | D:9      | Reached skill level 13 in Staves
 10027 | D:9      | Found a staircase to the Orcish Mines.
 10190 | D:9      | Reached XP level 11. HP: 54/65 MP: 15/15
 10258 | D:9      | Received a gift from Trog
 10721 | D:9      | Received a gift from Trog
 10727 | D:9      | Reached skill level 14 in Staves
 10810 | D:10     | Entered Level 10 of the Dungeon
 10943 | D:10     | Noticed a hill giant
 11023 | D:9      | Killed a hill giant
 11196 | D:10     | Found Deucs' Distillery.
 11216 | D:10     | Bought a potion of invisibility for 88 gold pieces
 11216 | D:10     | Bought 2 potions of heal wounds for 110 gold pieces
 11216 | D:10     | Bought a potion of heal wounds for 55 gold pieces
 11216 | D:10     | Bought a potion of degeneration for 11 gold pieces
 11216 | D:10     | Bought a potion of heal wounds for 55 gold pieces
 11233 | D:10     | Identified a scroll of acquirement
 11361 | D:10     | Received a gift from Trog
 11596 | Lair:1   | Entered Level 1 of the Lair of Beasts
 11642 | Lair:1   | Reached skill level 15 in Staves
 11907 | Lair:1   | Noticed a six-headed hydra
 11979 | Lair:1   | Noticed a seven-headed hydra
 12682 | Lair:2   | Received a gift from Trog
 12728 | Lair:2   | Noticed Fannar
 12758 | Lair:2   | Killed Fannar
 12992 | Lair:2   | Reached skill level 10 in Dodging
 13041 | Lair:2   | Noticed Nergalle
 13068 | Lair:2   | Reached XP level 12. HP: 70/70 MP: 16/16
 13090 | Lair:2   | Killed Nergalle
 13092 | Lair:2   | Received a gift from Trog
 13274 | Lair:2   | Noticed a seven-headed hydra
 13293 | Lair:2   | Found a frozen archway.
 13303 | IceCv    | Entered an ice cave
 13922 | IceCv    | Reached skill level 10 in Fighting
 14104 | IceCv    | Got a smoking ring mail
 14105 | IceCv    | Identified the +4 ring mail of the Harvest {Str+4} (You found it in an ice cave)
 14225 | Lair:2   | Reached skill level 1 in Armour
 14489 | Lair:2   | Killed a seven-headed hydra
 14489 | Lair:2   | Reached skill level 5 in Armour
 14827 | Lair:3   | Found a staircase to the Shoals.
 14841 | Lair:3   | Reached XP level 13. HP: 50/78 MP: 17/17
 15106 | Lair:3   | Received a gift from Trog
 15165 | Lair:3   | Noticed a five-headed hydra
 15197 | Lair:3   | Killed a five-headed hydra
 15625 | Lair:3   | Received a gift from Trog
 15989 | Lair:4   | Received a gift from Trog
 16019 | Lair:4   | Received a gift from Trog
 16821 | Lair:5   | Killed from afar by a lindwurm

Action                   |  1- 3 |  4- 6 |  7- 9 | 10-12 | 13-15 || total
-------------------------+-------+-------+-------+-------+-------++-------
Melee: Quarterstaff      |   114 |   182 |   542 |   486 |    14 ||  1338
       Lajatang          |       |       |       |   508 |   454 ||   962
       Unarmed           |       |       |       |     2 |       ||     2
 Fire: Blowgun           |       |       |     6 |    11 |       ||    17
Throw: Throwing net      |       |     5 |     1 |       |       ||     6
       Javelin           |       |       |       |     2 |     4 ||     6
Invok: Trog's Hand       |       |       |    11 |    27 |    11 ||    49
       Berserk           |       |       |     2 |     7 |       ||     9
       Burn Spellbooks   |       |       |       |     1 |     1 ||     2
       Brothers in Arms  |       |       |       |       |     3 ||     3
 Abil: Evoke Invisibilit |     1 |       |       |       |       ||     1
       Fly               |       |       |    19 |    22 |     9 ||    50
Evoke: Wand              |       |       |       |       |     3 ||     3
  Use: Potion            |     1 |     6 |     4 |     5 |     1 ||    17
       Scroll            |     1 |     6 |    16 |     6 |     3 ||    32
 Stab: Invisible         |     1 |       |       |       |       ||     1
       Sleeping          |       |     2 |     4 |     8 |       ||    14
       Held in net/web   |       |     2 |       |       |       ||     2
       Distracted        |       |       |       |     1 |       ||     1
  Eat: Chunk             |     2 |     6 |    10 |     9 |       ||    27
       Fruit             |       |       |     4 |    19 |    10 ||    33
       Meat ration       |       |       |     2 |     2 |       ||     4
       Pizza             |       |       |       |     1 |       ||     1
       Beef jerky        |       |       |       |     1 |       ||     1
